 Dungeon Crawl Stone Soup version 0.30.1-4-g462c640d31 (webtiles) character file.

Game seed: 7016975214395943928

5889 boopmooplesden the Cleaver (level 10, -1/136 HPs)
             Began as a Purple Draconian Berserker on Sept 13, 2023.
             Was an Elder of Trog.
             Slain by a 12-headed hydra (10 damage)
             ... on level 9 of the Dungeon.
             The game lasted 00:15:04 (8648 turns).

boopmooplesden the Cleaver (DrBe)                   Turns: 8648, Time: 00:15:04

Health: -1/136     AC: 10    Str: 24    XL:     10   Next: 52%
Magic:  10/10      EV: 14    Int: 11    God:    Trog [****..]
Gold:   651        SH:  0    Dex: 10    Spells: 9/9 levels left

rFire   + + .        u - +2 war axe (spect)
rCold   . . .        (no shield)
rNeg    + . .        (body armour unavailable)
rPois   .            (helmet restricted)
rElec   .            (no cloak)
rCorr   +            n - +1 pair of gloves
SInv    .            D - +0 pair of boots
Will    +....        f - amulet of the Gloaming {rF++ rN+ Regen+ Int+3} Stlth
                     A - ring of resist corrosion
HPRegen 1.22/turn    (no ring)
MPRegen 0.12/turn

%: no passive effects
@: berserking, very quick
A: breathe power, AC +7, unfitting armour, cold-blooded
a: Breathe Dispelling Energy, Renounce Religion, Berserk, Trog's Hand, Brothers
in Arms


You were on level 9 of the Dungeon.
You worshipped Trog.
Trog was greatly pleased with you.
You visited 1 branch of the dungeon, and saw 9 of its levels.
You also visited: Sewer.

You collected 651 gold pieces.

Inventory:

Hand Weapons
 a - a +1 hand axe
 t - a +0 lajatang
 u - a +2 spectral war axe (weapon)
 G - a +5 war axe
Armour
 n - a +1 pair of gloves (worn)
 o - a +0 robe
 D - a +0 pair of boots (worn)
Jewellery
 f - the amulet of the Gloaming (around neck) {rF++ rN+ Regen+ Int+3}
   (You acquired it on level 5 of the Dungeon)

   [amulet of regeneration]

   Int:       It affects your intelligence (+3).
   rF:        It greatly protects you from fire.
   rN:        It protects you from negative energy.
   Regen:     It increases your rate of health regeneration.
 k - an amulet of guardian spirit
 A - a ring of resist corrosion (left hand)
 F - a ring of ice
 H - a +4 ring of protection
 I - an amulet of the acrobat
 J - a ring of magical power
Wands
 m - a wand of light (8)
 s - a wand of paralysis (10)
 w - a wand of polymorph (8)
 B - a wand of flame (5)
 E - a wand of roots (10)
Scrolls
 c - 3 scrolls of teleportation
 g - a scroll of fog
 r - a scroll of magic mapping
 y - 3 scrolls of fear
 K - a scroll of blinking {unknown}
Potions
 b - 2 potions of resistance
 d - 3 potions of degeneration
 e - 2 potions of magic
 h - 6 potions of flight
 i - 2 potions of mutation
 j - 3 potions of invisibility
 l - 3 potions of curing
 p - 2 potions of brilliance
 q - 2 potions of haste
 v - 2 potions of cancellation
 x - 2 potions of might
 z - a potion of lignification
 C - 3 potions of attraction


   Skills:
 + Level 9.1 Fighting
 + Level 11.4 Axes
 + Level 7.6 Dodging
 + Level 3.3 Stealth


You had 9 spell levels left.
You didn't know any spells.
Your spell library was empty.

Dungeon Overview and Level Annotations

Branches:
Dungeon (9/15)             Temple (0/1) D:6           Sewer (visited)
   Lair: D:8-11         Orc: D:9-12

Altars:
Cheibriados
Fedhas
Hepliaklqana
Qazlal
Ru
The Shining One

Shops:
D:4 =*


Innate Abilities, Weirdness & Mutations

You can breathe bolts of dispelling energy.
Your rich purple scales are hard. (AC +7)
You cannot fit into any form of body armour.
You are cold-blooded and may be slowed by cold attacks.


Message History

You lop one of the nine-headed hydra's heads off!
The eight-headed hydra grows two more!
You slash the ten-headed hydra!
Your tail-slap misses the ten-headed hydra.
The ten-headed hydra is lightly wounded.
You slash the wraith! The ten-headed hydra bites you!
The ten-headed hydra bites you but does no damage.
The ten-headed hydra bites you!
The ten-headed hydra closely misses you.
The ten-headed hydra bites you but does no damage.
The ten-headed hydra bites you. The ten-headed hydra bites you!
The ten-headed hydra bites you. The ten-headed hydra bites you!
The ten-headed hydra closely misses you.
A two-headed ogre comes into view.
It is wielding a +0 giant spiked club and a +0 dire flail.
The gnoll sergeant hits you from afar with a +0 spear.
The wraith hits you but does no damage.
You slash the wraith! You tail-slap the wraith.
The wraith is almost destroyed.
You slash the deep elf pyromancer!
You chop one of the ten-headed hydra's heads off!
The nine-headed hydra grows two more!
You slash the 11-headed hydra!
Your +2 spectral war axe closely misses the deep elf pyromancer.
You hit the wraith.
The wraith is almost destroyed.
You slice one of the 11-headed hydra's heads off!
The ten-headed hydra grows two more!
You slash the 12-headed hydra!
You barely miss the deep elf pyromancer.
Your +2 spectral war axe misses the deep elf pyromancer.
The 12-headed hydra barely misses you. The 12-headed hydra misses you.
The 12-headed hydra bites you but does no damage.
The 12-headed hydra barely misses you. The 12-headed hydra bites you.
The 12-headed hydra bites you but does no damage.
The 12-headed hydra bites you!
* * * LOW HITPOINT WARNING * * *
The 12-headed hydra bites you!
* * * LOW HITPOINT WARNING * * *
The 12-headed hydra bites you!
* * * LOW HITPOINT WARNING * * *
The 12-headed hydra bites you but does no damage.
The 12-headed hydra barely misses you. The 12-headed hydra bites you!
You die...

'#................##..
##....
.#................# ..
#...[
.#..............###..##
###..
.#............###..##}#
###
.#..........###..#.#.# #
.#........###...#..}#
.#......###..#...#.##.##
##....##....#...#DQ....⌠
........###..#..@#○##.
..>.......###.(e#Wyg#
.......(....###..#g#.# #
...###+#.÷....###.g# ###
...#...#........###.
###..
..................#O#
#....
########..........###
##.... ###.........#
#..... ##........##
##.....


You could see a 12-headed hydra, a tengu warrior (reflecting), a two-headed
ogre, a deep elf pyromancer, a wraith, a gnoll sergeant, a killer bee, 2 gnolls
and a friendly +2 spectral war axe.

Vanquished Creatures
  A two-headed ogre (D:8)
  A cyclops (D:8)
  Joseph (D:7)
  Maggie (D:7)
  4 wyverns
  3 water moccasins
  An orc warrior (D:9)
  An ice beast (D:6)
  A sky beast (D:7)
  3 black bears
  2 ogres
  2 kobold brigands
  3 phantoms (D:6)
  6 scorpions
  2 bullfrogs
  4 wights (D:9)
  10 killer bees
  3 howler monkeys
  3 orc priests
  4 hounds (D:6)
  A jelly (D:7)
  A sleepcap (D:4)
  4 iguanas
  7 orc wizards
  A mummy (D:8)
  4 gnolls (D:5)
  15 adders
  5 river rats
  3 shadow imps
  A white imp (D:6)
  2 ufetubi
  7 worms
  A dart slug (D:5)
  20 orcs
  10 endoplasms
  11 giant cockroaches
  6 goblins
  5 hobgoblins
  7 jackals
  9 quokkas
  8 ball pythons
  16 bats
  2 frilled lizards
  21 kobolds
  7 rats
230 creatures vanquished.

Vanquished Creatures (collateral kills)
  A black bear (D:7)
  An ogre (D:7)
2 creatures vanquished.

Vanquished Creatures (others)
  A gnoll (D:9)
1 creature vanquished.

Grand Total: 233 creatures vanquished

Notes
Turn   | Place    | Note
-------+----------+-------------------------------------------
     0 | D:1      | boopmooplesden the Draconian Berserker began the quest for
                  | the Orb.
     0 | D:1      | Reached XP level 1. HP: 19/19 MP: 1/1
   192 | D:1      | Reached XP level 2. HP: 22/26 MP: 2/2
   958 | D:2      | Reached ** piety under Trog
   959 | D:2      | Reached XP level 3. HP: 16/33 MP: 3/3
  1898 | D:3      | Reached XP level 4. HP: 30/40 MP: 4/4
  2124 | D:3      | Reached skill level 4 in Axes
  2235 | D:3      | Found a blossoming altar of Fedhas.
  2261 | D:3      | Noticed a scorpion
  2268 | D:3      | Killed a scorpion
  2269 | D:3      | Reached XP level 5. HP: 47/47 MP: 5/5
  2608 | D:4      | Found a glowing drain.
  2612 | Sewer    | Entered a sewer
  2742 | Sewer    | Reached *** piety under Trog
  2793 | Sewer    | Reached XP level 6. HP: 53/53 MP: 6/6
  2853 | Sewer    | Reached skill level 5 in Axes
  3548 | D:4      | Found a sacrificial altar of Ru.
  3831 | D:4      | Found Wadiseuj's Jewellery Boutique.
  3903 | D:4      | Found Reemap's General Store.
  4082 | D:4      | Reached skill level 5 in Fighting
  4082 | D:4      | Reached skill level 6 in Axes
  4082 | D:4      | Your scales start taking on a rich purple colour.
  4082 | D:4      | Reached XP level 7. HP: 61/61 MP: 7/7
  4388 | D:5      | Entered Level 5 of the Dungeon
  4561 | D:5      | Reached skill level 1 in Stealth
  4763 | D:5      | Found a glowing golden altar of the Shining One.
  4835 | D:5      | Found a stormy altar of Qazlal.
  4865 | D:5      | Reached skill level 7 in Axes
  4865 | D:5      | Reached skill level 5 in Dodging
  4995 | D:5      | Reached XP level 8. HP: 57/69 MP: 8/8
  5236 | D:5      | Reached **** piety under Trog
  5521 | D:5      | Identified a scroll of acquirement
  5521 | D:5      | Acquired the amulet of the Gloaming {rF++ rN+ Regen+ Int+3}
  5653 | D:6      | Reached skill level 8 in Axes
  5839 | D:6      | Reached skill level 9 in Axes
  5839 | D:6      | Reached XP level 9. HP: 64/78 MP: 9/9
  6143 | D:6      | Found a staircase to the Ecumenical Temple.
  6410 | D:7      | Found a hazy altar of Hepliaklqana.
  6562 | D:7      | Noticed Maggie
  6679 | D:7      | Killed Maggie
  6680 | D:7      | Reached skill level 10 in Axes
  6710 | D:7      | Noticed Joseph
  6731 | D:7      | Killed Joseph
  7431 | D:8      | Noticed a two-headed ogre
  7439 | D:8      | Killed a two-headed ogre
  7440 | D:8      | Reached XP level 10. HP: 85/89 MP: 10/10
  7583 | D:8      | Noticed a cyclops
  7595 | D:8      | Killed a cyclops
  7807 | D:8      | Found a snail-covered altar of Cheibriados.
  7885 | D:8      | Reached skill level 11 in Axes
  8637 | D:9      | Noticed an eight-headed hydra
  8639 | D:9      | Noticed a deep elf pyromancer
  8639 | D:9      | Noticed a tengu warrior
  8646 | D:9      | Noticed a two-headed ogre
  8648 | D:9      | Slain by a 12-headed hydra

Illustrated notes

Levels and vault maps discovered:
D:1:      kilobyte_arrival_exit_the_forest, layout_loops_cross,
          grunt_decor_junction, minmay_misc_feat_diagonals
D:2:      minmay_inner_zag, layout_basic
D:3:      layout_loops_ring, mainiacjoe_overflow_six_doors_small
D:4:      layout_basic, nicolae_ru_great_annihilating_truth,
          gup_sewer_entry_spiral, serial_shops, nicolae_shop_crystal,
          nicolae_shop_just_a_little_nook
D:5:      layout_basic, lemuel_tele_altar, old_standard_altar
D:6:      layout_loops_ring, minmay_temple_entry_glass,
          minmay_fractal_squares_diagonal_5
D:7:      layout_basic, nicolae_hepliaklqana_hazy_memory, uniq_maggie,
          uniq_joseph
D:8:      layout_basic, slow_altar_2, hangedman_decor_opposing
D:9:      minmay_the_grid_four_pointed_star_mashed
          [minmay_the_grid_triangle_9x9_sprig,
          minmay_the_grid_triangle_9x9_from_above,
          minmay_the_grid_triangle_9x9_dagger,
          minmay_the_grid_triangle_9x9_zippers_horizontal,
          minmay_the_grid_prize_trominoes], layout_irregular_city, led_sif_pool,
          minmay_large_rounded_square

Skill      XL: |  1  2  3  4  5  6  7  8  9 10 |
---------------+-------------------------------+-----
Dodging        | 3 4 5 7 |  7.6
Fighting       | 4 5 6 8 9 |  9.1
Axes           | 4 6 7 9 10 11 | 11.4
Stealth        | 1 2 3 |  3.3

Action                     |  1- 3 |  4- 6 |  7- 9 | 10-12 || total
---------------------------+-------+-------+-------+-------++-------
  Melee: Hand axe          |   129 |   257 |       |       ||   386
         Tailslap          |    12 |    31 |    36 |    15 ||    94
         Punch             |     2 |     3 |     4 |     1 ||    10
         War axe           |       |       |   307 |    60 ||   367
 Invoke: Berserk           |       |     7 |     8 |     3 ||    18
         Trog's Hand       |       |       |     3 |       ||     3
         Brothers in Arms  |       |       |     1 |       ||     1
Ability: Breathe Dispellin |       |       |     1 |       ||     1
    Use: Scroll            |     8 |       |    21 |     2 ||    31
         Potion            |       |       |     5 |       ||     5
   Stab: Sleeping          |       |     1 |     2 |       ||     3
         Invisible         |       |     1 |       |       ||     1
         Distracted        |       |       |       |     1 ||     1
 Armour: Skin              |    50 |   118 |   110 |    18 ||   296
  Dodge: Dodged            |   102 |   227 |   231 |    45 ||   605
